 Dungeon Crawl Stone Soup version 0.22-a0-542-gce4f928 (webtiles) character file.

123 Mamutox the Sneak (level 4, -16/21 HPs)
             Began as a Spriggan Enchanter on June 24, 2018.
             Engulfed by a cloud of flame (24 damage)
             ... on level 3 of the Dungeon.
             The game lasted 00:12:18 (3253 turns).

Mamutox the Sneak (Spriggan Enchanter)              Turns: 3253, Time: 00:12:18

Health: -16/21     AC:  2    Str:  4    XL:     4   Next: 80%
Magic:  9/10       EV: 19    Int: 17    God:
Gold:   131        SH:  0    Dex: 16    Spells: 0/9 levels left

rFire    . . .     SeeInvis +   a - +2 dagger
rCold    . . .     Gourm    .   (shield restricted)
rNeg     . . .     Faith    .   b - +0 robe
rPois    .         Spirit   .   (helmet restricted)
rElec    .         Reflect  .   (no cloak)
rCorr    .         Harm     .   (gloves unavailable)
MR       .....                  (boots unavailable)
Stlth    +++.......             (no amulet)
HPRegen  0.07/turn              (no ring)
MPRegen  0.12/turn              (no ring)

@: very quick
A: very small, unfitting armour, see invisible, herbivore, speed 3, slow
metabolism 2
a: no special abilities


You were on level 3 of the Dungeon.
You were hungry.

You visited 1 branch of the dungeon, and saw 3 of its levels.

You collected 131 gold pieces.

Inventory:

Hand Weapons
 a - a +2 dagger (weapon)
Armour
 b - a +0 robe (worn)
Jewellery
 g - an uncursed ring of protection from magic {unknown}
Scrolls
 c - 4 scrolls of identify
 h - a scroll of magic mapping {unknown}
 k - 4 scrolls of teleportation
 m - a scroll of fog
Potions
 e - 2 potions of heal wounds
 f - a potion of brilliance {unknown}
 i - a potion of cancellation {unknown}
 l - a potion of curing {unknown}
 n - a potion of magic {unknown}
 o - a potion of berserk rage {unknown}
Comestibles
 d - 6 rations


   Skills:
 + Level 2.1 Short Blades
 + Level 3.9 Dodging
 + Level 5.2 Stealth
 + Level 3.4 Spellcasting
 * Level 1.0 Conjurations
 + Level 4.2 Hexes
 - Level 1.0 Ice Magic


You couldn't memorise any spells.
You knew the following spells:

 Your Spells              Type           Power        Failure   Level  Hunger
a - Corona                Hex            ###....      3%          1    None
c - Confuse               Hex            ###.....     9%          3    ###....
v - Dazzling Spray        Conj/Hex       ##....       17%         3    ###....
x - Ensorcelled Hibernat  Hex/Ice        ##....       9%          2    ##.....

Your spell library contained the following spells:

 Spells                   Type           Power        Failure   Level  Hunger
 Tukima's Dance           Hex            ###.....     9%          3    ###....


Dungeon Overview and Level Annotations

Branches:
Dungeon (3/15)

Altars:
Ashenzari
Trog
Vehumet


Innate Abilities, Weirdness & Mutations

You are very small and have problems with some larger weapons.
You are too small for most types of armour.
You have supernaturally acute eyesight. (SInv)
You are a herbivore.
You cover ground extremely quickly.
You need to consume almost no food.


Message History

The helpless orc fails to defend itself.
You impale the orc!!
You kill the orc!
Really walk into a travel-excluded area?
Found a club.
Things that are here:
a flail; a leather armour; a flail Really walk into a travel-excluded area?
g - a scratched moonstone ring Really walk into a travel-excluded area?
You see here a club.
You see here a club.
Really walk into that cloud of flame?
You are engulfed in blazing flames.
Ouch! That really hurt!
You see here a scroll labeled XOINE ERUWKIP.
h - a scroll labeled XOINE ERUWKIP You are engulfed in blazing flames.
Ouch! That really hurt!
You die...

### ###### #.#
##....### ##.#
....§..# ...#
#..§§.# ##.# #.#
### #..§..## #=#
#.#...# #)@§§..#
#.#
#.#.#.####§.....#
#.#
#.#.#.#..)......#
##.#
#.#.#.#.#########
##.# #.#.#.#.#
##.# #†#.#.#.#
##.###.#.#)#.#
##.#...([..#.#
##.#.#.#.###.#


There were no monsters in sight!

Vanquished Creatures
  A howler monkey (D:3)
  An adder (D:3)
  2 leopard geckos
  12 orcs
  4 giant cockroaches
  8 goblins
  6 hobgoblins
  8 kobolds
  A quokka (D:2)
  A ball python (D:1)
  9 bats
  4 frilled lizards
  6 rats
63 creatures vanquished.

Vanquished Creatures (others)
  An orc priest (D:3)
  An orc (D:3)
2 creatures vanquished.

Grand Total: 65 creatures vanquished

Notes
Turn   | Place    | Note
-------+----------+-------------------------------------------
     0 | D:1      | Mamutox the Spriggan Enchanter began the quest for the Orb.
     0 | D:1      | Reached XP level 1. HP: 9/9 MP: 5/5
   609 | D:1      | Reached XP level 2. HP: 13/13 MP: 4/6
   621 | D:1      | Learned a level 2 spell: Ensorcelled Hibernation
  1379 | D:2      | Reached XP level 3. HP: 11/16 MP: 2/8
  1858 | D:2      | Learned a level 3 spell: Dazzling Spray
  2052 | D:2      | Reached skill level 1 in Ice Magic
  2438 | D:3      | Found a bloodstained altar of Trog.
  2455 | D:3      | Reached skill level 5 in Stealth
  2455 | D:3      | Reached XP level 4. HP: 21/21 MP: 9/9
  2463 | D:3      | Learned a level 3 spell: Confuse
  2515 | D:3      | Found a shattered altar of Ashenzari.
  2679 | D:3      | Reached skill level 1 in Conjurations
  3229 | D:3      | Found a radiant altar of Vehumet.
  3253 | D:3      | Engulfed by a cloud of flame

Vault maps used:
D:1:      dpeg_arrival_rooms_with_view, minmay_hexomino_u4
D:3:      fiery_altar_vehumet, bloody_trog, cheibrodos_ashenzari_chains,
          first_ration, glass_columns_b

Skill      XL: |  1  2  3  4 |
---------------+-------------+-----
Spellcasting   | 3 |  3.4
Hexes          | 4 |  4.2
Ice Magic      | 1 |  1.0
Stealth        | 5 |  5.2
Short Blades   | 2 |  2.1
Conjurations   | 1 |  1.0
Dodging        | |  3.9

Action                   |  1- 3 |  4- 6 || total
-------------------------+-------+-------++-------
Melee: Dagger            |    99 |    40 ||   139
 Cast: Corona            |     3 |       ||     3
       Ensorcelled Hiber |    34 |    16 ||    50
       Confuse           |       |     2 ||     2
  Use: Scroll            |       |     6 ||     6
 Stab: Sleeping          |    31 |    14 ||    45
       Confused          |       |     1 ||     1
  Eat: Ration            |     1 |       ||     1
Armor: Robe              |    12 |       ||    12
Dodge: Dodged            |    67 |    22 ||    89

Table legend:
 A = Spawn XP
 B = Non-spawn XP
 C = Spawn XP percentage of total XP
 D = Spawn monster count
 E = Non-spawn monster count
 F = Spawn count percentage of total count
 G = Total turns spent on level
                    A         B        C        D         E        F      G
               +---------+---------+-------+---------+---------+-------+---------
         Total |       0 |     177 |   0.0 |       0 |      63 |   0.0 |  3253
               +---------+---------+-------+---------+---------+-------+---------
           D:1 |       0 |      30 |   0.0 |       0 |      19 |   0.0 |  1166
           D:2 |       0 |      41 |   0.0 |       0 |      22 |   0.0 |  1177
           D:3 |       0 |     106 |   0.0 |       0 |      22 |   0.0 |   910
               +---------+---------+-------+---------+---------+-------+---------
